[Event "Titled Tuesday Blitz September 13 Early 2022"]
[White "Ibarra Jerez, Jose Carlos"]
[Black "Jobava, Baadur"]
[WhiteFideId "2226332"]
[BlackFideId "13601520"]
[WhiteElo "2627"]
[BlackElo "2582"]
[Result "0-1"]
[Round "06"]
[TimeControl "180+1"]
[Date "2022.09.13"]
[WhiteClock "0:00:01"]
[BlackClock "0:00:08"]

1. e4 e6 2. d4 d5 3. Nd2 Bd7 4. exd5 exd5 5. Ngf3 Nc6 6. c3 Bd6 7. Bd3 Qe7+ 8. Be2 Nf6 9. O-O O-O 10. Bd3 Rfe8 11. h3 h6 12. Re1 Qf8 13. Nb3 Rxe1+ 14. Nxe1 Re8 15. Bf1 b6 16. Nd3 Ne4 17. Bf4 Bxf4 18. Nxf4 Qd6 19. Qf3 Ne7 20. Re1 c6 21. Nc1 Ng5 22. Qg3 Nf5 23. Rxe8+ Bxe8 24. Qg4 Bd7 25. Nfd3 Qg6 26. Ne5 Qe6 27. Bd3 g6 28. Bxf5 gxf5 29. Qf4 Be8 30. h4 Ne4 31. f3 Nd6 32. Ned3 Kg7 33. Kf2 f6 34. Ne2 Kh7 35. Ng3 Bd7 36. Qc1 Qe7 37. Nf4 Nc4 38. b3 Nd6 39. Qd2 a5 40. Nfh5 Be8 41. Nf4 Bd7 42. Qe3 Qxe3+ 43. Kxe3 Kg7 44. Nd3 Kf7 45. Kf4 Nb5 46. Ne2 Nc7 47. Ke3 Nb5 48. a4 Nd6 49. Kf4 Bc8 50. Ng3 Kg6 51. Ke3 Kf7 52. Nf4 Bd7 53. Nfe2 b5 54. axb5 cxb5 55. Nc1 a4 56. Nge2 Kg6 57. Nf4+ Kf7 58. Nxd5 axb3 59. Nd3 Nc4+ 60. Ke2 b2 61. Nxb2 Nxb2 62. Nf4 Nc4 63. Kd3 Nd6 64. d5 Nc4 65. Kd4 Ne5 66. Kc5 Ke7 67. d6+ Kf7 68. Kb6 Ke8 69. Nd5 Be6 70. Nxf6+ Kf7 71. Nh5 Bd7 72. Nf4 Be8 73. Kc7 Kf6 74. Nd5+ Ke6 75. Nf4+ Kf6 76. Nd5+ Ke6 77. Nf4+ Kf7 78. Nd5 Nd7 79. Nb4 Nf6 80. Nd3 Nd5+ 81. Kd8 Ke6 82. Kxe8 Kxd6 83. Kf7 Nxc3 84. Kg6 Ne2 85. Kxh6 f4 86. Kg7 Kd5 87. h5 Kd4 88. Nb2 Ng3 89. h6 Nf5+ 90. Kg6 Nxh6 91. Kxh6 Kc3 92. Nd1+ Kc2 93. Nf2 b4 94. Nh3 b3 95. Nxf4 b2 96. g4 b1=Q 97. g5 Qh1+ 98. Nh5 Qxf3 99. g6 Qc6 100. Kh7 Qe4 101. Kh6 Qe3+ 102. Kh7 Qg5 103. Ng7 Kd3 104. Ne6 Qh5+ 105. Kg7 Ke4 106. Kf6 Qf5+ 107. Ke7 Qxg6 108. Nc7 Ke5 109. Ne8 Qe6+ 110. Kf8 Qd7 111. Nf6 Kxf6 0-1


[Site "https://www.chess.com"]

[Event "Titled Tuesday Blitz September 13 Early 2022"]
[White "Ibrahimli, Murad"]
[Black "Malek, Jan"]
[WhiteFideId "13410229"]
[BlackFideId "21864080"]
[WhiteElo "2109"]
[BlackElo "2172"]
[Result "1-0"]
[Round "06"]
[TimeControl "180+1"]
[Date "2022.09.13"]
[WhiteClock "0:01:37"]
[BlackClock "0:00:01"]

1. d4 Nf6 2. c4 c6 3. Nc3 d5 4. Nf3 e6 5. e3 Bd6 6. Qc2 O-O 7. Bd3 dxc4 8. Bxc4 Nbd7 9. O-O Qe7 10. a3 e5 11. h3 h6 12. Nh4 Nb6 13. Ng6 Qd8 14. Ba2 exd4 15. Nxf8 dxc3 16. Ng6 Nbd5 17. Nf4 Bxf4 18. exf4 cxb2 19. Qxb2 Ne4 20. Rd1 Be6 21. Re1 Nec3 22. Bxd5 Nxd5 23. Qxb7 Rb8 24. Qxa7 Rb5 25. Qd4 1-0


[Site "https://www.chess.com"]

[Event "Titled Tuesday Blitz September 13 Early 2022"]
[White "Kamsky, Gata"]
[Black "Pultinevicius, Paulius"]
[WhiteFideId "2000024"]
[BlackFideId "12809390"]
[WhiteElo "2666"]
[BlackElo "2472"]
[Result "1-0"]
[Round "06"]
[TimeControl "180+1"]
[Date "2022.09.13"]
[WhiteClock "0:01:46"]
[BlackClock "0:01:36"]

1. e4 c6 2. Nf3 d5 3. d3 Nf6 4. e5 Nfd7 5. d4 e6 6. c3 c5 7. a3 b6 8. b4 Ba6 9. b5 Bb7 10. a4 Be7 11. Nbd2 Nf8 12. Bd3 Nbd7 13. O-O Ng6 14. Re1 Qc7 15. Nf1 c4 16. Bc2 a6 17. Rb1 axb5 18. axb5 Ra2 19. Ng3 O-O 20. Nh5 Rfa8 21. g3 Ndf8 22. h4 R8a5 23. Nh2 Bc8 24. Ng4 Bd7 25. Qd2 Bxb5 26. Ngf6+ Kh8 27. Nxg7 Kxg7 28. Qh6+ Kh8 29. Nh5 1-0


[Site "https://www.chess.com"]

[Event "Titled Tuesday Blitz September 13 Early 2022"]
[White "Klinova, Masha"]
[Black "Bykhovsky, Anatoly"]
[WhiteFideId "2802015"]
[BlackFideId "2806991"]
[WhiteElo "2274"]
[BlackElo "2540"]
[Result "0-1"]
[Round "06"]
[TimeControl "180+1"]
[Date "2022.09.13"]
[WhiteClock "0:00:20"]
[BlackClock "0:00:30"]

1. Nf3 Nf6 2. g3 g6 3. Bg2 Bg7 4. O-O O-O 5. c4 c6 6. d4 d5 7. cxd5 cxd5 8. Ne5 e6 9. Nc3 Nfd7 10. f4 Nc6 11. Be3 f6 12. Nf3 Nb6 13. b3 Bd7 14. Qd2 Rc8 15. Rac1 Rf7 16. Rfd1 Bf8 17. Nb1 Be8 18. Qb2 Rfc7 19. Ne1 Ne7 20. Nd3 Bb5 21. Nc5 Qd6 22. Nc3 Be8 23. Bf2 f5 24. e3 a6 25. Bf1 Kh8 26. Rc2 Nd7 27. b4 Nb6 28. Nb1 Ba4 29. Rdc1 Bxc2 30. Rxc2 Kg8 31. Nc3 Nc4 32. Qb3 b5 33. a4 Qb6 34. a5 Qd6 35. Na2 Kf7 36. Nc1 Ng8 37. N1d3 Nf6 38. Ne5+ Kg8 39. Bg2 Ne4 40. Bxe4 fxe4 41. Qc3 Nxe5 42. fxe5 Qd8 43. g4 Bxc5 44. dxc5 Qg5 45. h3 h5 46. Be1 hxg4 47. Rg2 Rf8 48. Rxg4 Qf5 49. Qd2 Rcf7 50. Kh2 Kh7 51. Bg3 g5 52. Qg2 Rg8 53. Bf4 Rfg7 54. Bg3 Rg6 55. Kg1 Rf8 56. Kh2 Rf7 57. Kg1 Qf3 58. Qd2 Rh6 59. Rxg5 Qf1+ 0-1


[Site "https://www.chess.com"]

[Event "Titled Tuesday Blitz September 13 Early 2022"]
[White "Kosakowski, Jakub"]
[Black "Vaibhav Jayant Raut"]
[WhiteFideId "1185080"]
[BlackFideId "5089034"]
[WhiteElo "2453"]
[BlackElo "2122"]
[Result "1-0"]
[Round "06"]
[TimeControl "180+1"]
[Date "2022.09.13"]
[WhiteClock "0:00:25"]
[BlackClock "0:00:15"]

1. e4 e5 2. Nf3 Nc6 3. Bc4 Bc5 4. O-O d6 5. c3 Nf6 6. d4 Bb6 7. h3 O-O 8. Re1 h6 9. a4 a6 10. dxe5 dxe5 11. Qxd8 Rxd8 12. b4 Re8 13. a5 Ba7 14. Nbd2 Be6 15. Bxe6 Rxe6 16. Nc4 Rd8 17. Be3 Bxe3 18. Rxe3 Re7 19. Rb1 Ne8 20. Kf1 Nd6 21. Nfd2 Nxc4 22. Nxc4 Na7 23. Na3 f6 24. Ke2 Kf7 25. Rd3 Rxd3 26. Kxd3 Rd7+ 27. Ke2 Ke6 28. Rd1 b6 29. Nc4 bxa5 30. Nxa5 Rxd1 31. Kxd1 Kd6 32. Kd2 Nc8 33. Kd3 c6 34. Nb7+ Kc7 35. Nc5 Kb6 36. Ne6 g6 37. Nf8 Ne7 38. Nd7+ Kb5 39. Nxf6 a5 40. bxa5 Kxa5 41. Ng4 1-0


[Site "https://www.chess.com"]

[Event "Titled Tuesday Blitz September 13 Early 2022"]
[White "Kosteniuk, Alexandra"]
[Black "Van Foreest, Jorden"]
[WhiteFideId "4128125"]
[BlackFideId "1039784"]
[WhiteElo "2469"]
[BlackElo "2649"]
[Result "0-1"]
[Round "06"]
[TimeControl "180+1"]
[Date "2022.09.13"]
[WhiteClock "0:00:10"]
[BlackClock "0:00:22"]

1. e4 g6 2. d4 Bg7 3. Nc3 d6 4. Be3 a6 5. a4 Nf6 6. Nf3 O-O 7. Bd3 Nc6 8. h3 e5 9. d5 Ne7 10. a5 Kh8 11. g4 c6 12. Bb6 Qe8 13. Bc4 cxd5 14. exd5 Nd7 15. Ne4 Nxb6 16. axb6 Qd8 17. c3 Qxb6 18. Qd2 Qc7 19. Bb3 b5 20. Nfg5 h6 21. Nf3 f5 22. gxf5 gxf5 23. Ng3 f4 24. Nh5 Bf5 25. Nxg7 Kxg7 26. Nh4 Bd7 27. O-O-O Rg8 28. Qe2 Nf5 29. Rhg1+ Kf6 30. Qh5 Raf8 31. Bc2 Nxh4 32. Qxh4+ Kf7 33. Qxh6 Ke7 34. Rg7+ Rxg7 35. Qxg7+ Rf7 36. Qg5+ Rf6 37. Rg1 Be8 38. Qg7+ Bf7 39. h4 Qc5 40. h5 Qxf2 41. Qg5 f3 42. h6 Qh2 43. Rf1 Qxh6 44. Qxh6 Rxh6 45. Rxf3 Bxd5 46. Rf2 Rh1+ 47. Kd2 Rg1 48. Bd1 Rg2 49. Rxg2 Bxg2 50. Ke3 Bb7 51. Be2 d5 52. Bd3 Kd6 53. Be2 Bc6 54. b4 Bd7 55. Bd3 Be6 56. Be2 Kc6 57. Bd3 Kb6 58. Be2 a5 59. bxa5+ Kxa5 60. Bd3 Kb6 61. Be2 Kc5 62. Bd3 b4 63. cxb4+ Kxb4 64. Be2 Kc3 0-1


[Site "https://www.chess.com"]

[Event "Titled Tuesday Blitz September 13 Early 2022"]
[White "Krzywda, Andrzej"]
[Black "Seo, Jung Min"]
[WhiteFideId "1114565"]
[BlackFideId "1734687"]
[WhiteElo "2098"]
[BlackElo "2455"]
[Result "1/2-1/2"]
[Round "06"]
[TimeControl "180+1"]
[Date "2022.09.13"]
[WhiteClock "0:00:29"]
[BlackClock "0:01:09"]

1. e4 c5 2. Nf3 d6 3. d4 cxd4 4. Nxd4 Nf6 5. Nc3 a6 6. Rg1 e5 7. Nb3 h5 8. Bg5 Be6 9. Qd2 Nbd7 10. h3 Rc8 11. O-O-O Qc7 12. Kb1 b5 13. Be2 b4 14. Nd5 Bxd5 15. exd5 Ne4 16. Qe3 Nxg5 17. Bxa6 Be7 18. Bxc8 Qxc8 19. Na5 Nb8 20. f4 exf4 21. Qe2 Qa6 22. Qxa6 Nxa6 23. Nc6 Bf6 24. Rge1+ Kd7 25. h4 Nh7 26. Re4 Bxh4 27. Rxf4 Bf6 28. Re1 Nf8 29. Rxf6 gxf6 30. Re7+ Kc8 31. Na7+ Kd8 32. Nc6+ Kc8 33. Na7+ Kb8 34. Nc6+ Kc8 1/2-1/2


[Site "https://www.chess.com"]

[Event "Titled Tuesday Blitz September 13 Early 2022"]
[White "Livaic, Leon"]
[Black "Vidit, Santosh Gujrathi"]
[WhiteFideId "14531534"]
[BlackFideId "5029465"]
[WhiteElo "2540"]
[BlackElo "2654"]
[Result "1/2-1/2"]
[Round "06"]
[TimeControl "180+1"]
[Date "2022.09.13"]
[WhiteClock "0:00:03"]
[BlackClock "0:00:11"]

1. d4 d5 2. c4 e6 3. Nc3 Nf6 4. cxd5 exd5 5. Bg5 Be7 6. e3 c6 7. Bd3 h6 8. Bh4 Nbd7 9. Nf3 O-O 10. O-O Re8 11. Qc2 Ne4 12. Bxe7 Qxe7 13. Rae1 a5 14. Bxe4 dxe4 15. Nd2 Nf6 16. f3 exf3 17. Nxf3 Be6 18. e4 Rad8 19. h3 Nh5 20. d5 Bc8 21. dxc6 bxc6 22. Rd1 Ba6 23. Rxd8 Rxd8 24. Rd1 Qa7+ 25. Qf2 Rxd1+ 26. Nxd1 Qe7 27. Nc3 Nf4 28. Qb6 Ne2+ 29. Nxe2 Bxe2 30. Qxc6 Bxf3 31. Qc8+ Kh7 32. Qf5+ Kg8 33. Qxf3 a4 34. a3 Qe5 35. Qe2 Qd4+ 36. Kf1 g6 37. Ke1 h5 38. e5 Kg7 39. Kf1 Kh6 40. Qb5 Kg7 41. Qb4 Qxe5 42. Qxa4 Qxb2 43. Qb4 Qc1+ 44. Kf2 Qc2+ 45. Kg1 Qc1+ 46. Kf2 Qc2+ 47. Kf3 f5 48. h4 Qd1+ 49. Kg3 Qc2 50. Qe7+ Kg8 51. Kf4 Qxg2 52. Qe8+ Kg7 53. Qe7+ Kg8 54. Qe8+ Kg7 55. Qe7+ Kg8 1/2-1/2


[Site "https://www.chess.com"]

[Event "Titled Tuesday Blitz September 13 Early 2022"]
[White "Martinez Alcantara, Jose Eduardo"]
[Black "Kevlishvili, Robby"]
[WhiteFideId "3805662"]
[BlackFideId "1040634"]
[WhiteElo "2703"]
[BlackElo "2585"]
[Result "1-0"]
[Round "06"]
[TimeControl "180+1"]
[Date "2022.09.13"]
[WhiteClock "0:01:00"]
[BlackClock "0:00:06"]

1. e4 c5 2. Nf3 d6 3. c3 Nf6 4. h3 Nc6 5. Bd3 d5 6. e5 Nd7 7. Bb5 Qb6 8. Bxc6 Qxc6 9. O-O e6 10. d4 Be7 11. Na3 O-O 12. Nc2 b5 13. Re1 a5 14. dxc5 Nxc5 15. Ncd4 Qb7 16. Bg5 Bxg5 17. Nxg5 h6 18. Ngf3 Bd7 19. Re3 Rac8 20. Nd2 b4 21. N2b3 Na4 22. Qd2 bxc3 23. bxc3 Nb6 24. Rg3 Kh8 25. Nxa5 Qc7 26. Re1 Na4 27. Nab3 Qd8 28. Kh2 Nb6 29. f4 Qh4 30. Rf1 Nc4 31. Qe2 f6 32. f5 Rce8 33. Nc5 fxe5 34. Nxd7 exd4 35. Nxf8 Rxf8 36. fxe6 Re8 37. Rg4 Qe7 38. cxd4 Qd6+ 39. Kg1 Rxe6 40. Qf2 Ne3 41. Qf8+ Qxf8 42. Rxf8+ Kh7 43. Rg3 Nc2 44. Rf7 Nxd4 45. Rfxg7+ 1-0


[Site "https://www.chess.com"]

[Event "Titled Tuesday Blitz September 13 Early 2022"]
[White "Milikow, Yoav"]
[Black "Koustav, Chatterjee"]
[WhiteFideId "2822237"]
[BlackFideId "25073060"]
[WhiteElo "2341"]
[BlackElo "2196"]
[Result "0-1"]
[Round "06"]
[TimeControl "180+1"]
[Date "2022.09.13"]
[WhiteClock "0:00:07"]
[BlackClock "0:00:09"]

1. d4 Nf6 2. c4 e6 3. Nc3 Bb4 4. e3 O-O 5. Bd3 c5 6. Ne2 cxd4 7. exd4 d5 8. cxd5 exd5 9. O-O Nc6 10. Bg5 Be6 11. Nf4 h6 12. Nxe6 fxe6 13. Be3 Bd6 14. f4 Rc8 15. Kh1 Na5 16. Qe2 Re8 17. Bg1 Nc4 18. b3 Na5 19. Rac1 a6 20. Rc2 Nc6 21. Bg6 Re7 22. g3 Nd7 23. Rcc1 Nf8 24. Bb1 Rec7 25. Rcd1 Ne7 26. Na4 b5 27. Nc5 Bxc5 28. dxc5 Rc6 29. b4 a5 30. a3 axb4 31. axb4 Rb8 32. Bd3 Rc7 33. Bd4 Nc6 34. Bc3 Rcb7 35. Qg2 Qc7 36. Rfe1 Qf7 37. Bf1 Ra7 38. Ra1 Rxa1 39. Rxa1 Qb7 40. Bd3 Ra8 41. Rxa8 Qxa8 42. Qe2 Qa3 43. Qd2 Qa4 44. Be2 d4 45. Bxd4 Nxb4 46. Be5 Nc6 47. Bd6 Nd7 48. Kg1 b4 49. Bf3 b3 50. Qb2 Nd4 51. Bd1 Qc4 52. Kf2 Nxc5 53. Bxc5 Qxc5 54. Kg2 Qd5+ 55. Kh3 Qf5+ 56. Kg2 Qd3 57. Qc1 Qe4+ 58. Kh3 Qf5+ 59. Bg4 Qd3 60. Qc8+ Kh7 61. Qb8 Qc2 62. Bh5 b2 63. Bf7 Qf5+ 64. g4 Qxf7 65. Qxb2 Qxf4 66. Qb1+ g6 67. Qb7+ Kg8 68. Qb8+ Qf8 69. Qf4 Qxf4 0-1


[Site "https://www.chess.com"]

[Event "Titled Tuesday Blitz September 13 Early 2022"]
[White "Movahed, Sina"]
[Black "Vogel, Roven"]
[WhiteFideId "42520835"]
[BlackFideId "12908088"]
[WhiteElo "2117"]
[BlackElo "2501"]
[Result "1-0"]
[Round "06"]
[TimeControl "180+1"]
[Date "2022.09.13"]
[WhiteClock "0:00:21"]
[BlackClock "0:00:11"]

1. e4 e5 2. Nf3 Nc6 3. Bb5 a6 4. Ba4 Nf6 5. O-O Be7 6. d3 b5 7. Bb3 d6 8. a4 Bd7 9. Nc3 Na5 10. Ba2 b4 11. Nd5 b3 12. cxb3 Nc6 13. Bd2 Rb8 14. Qe1 O-O 15. b4 Bg4 16. Rc1 Nxd5 17. Bxd5 Nd4 18. Nxd4 exd4 19. f4 Bd7 20. b5 axb5 21. a5 c6 22. Bxc6 Bxc6 23. Rxc6 Qd7 24. Rc1 d5 25. e5 Qf5 26. Qe2 h5 27. Rc7 Rfe8 28. b4 Rbc8 29. Rfc1 Rxc7 30. Rxc7 g5 31. a6 gxf4 32. a7 Bf8 33. Qf3 Qxe5 34. Qxf4 Qe6 35. Rb7 Bd6 36. Qg5+ Kf8 37. Qh6+ Qxh6 38. Bxh6+ Kg8 39. Kf2 h4 40. Kf3 Bxh2 41. Bf4 Bxf4 42. Kxf4 1-0


[Site "https://www.chess.com"]

[Event "Titled Tuesday Blitz September 13 Early 2022"]
[White "Oparin, Grigoriy"]
[Black "Makarian, Rudik"]
[WhiteFideId "24125890"]
[BlackFideId "44105681"]
[WhiteElo "2639"]
[BlackElo "2410"]
[Result "1-0"]
[Round "06"]
[TimeControl "180+1"]
[Date "2022.09.13"]
[WhiteClock "0:00:34"]
[BlackClock "0:00:06"]

1. c4 e6 2. Nc3 d5 3. d4 Nf6 4. cxd5 exd5 5. Bg5 c6 6. Qc2 Bd6 7. e3 h6 8. Bh4 O-O 9. Bd3 Re8 10. Nge2 Nbd7 11. O-O-O b5 12. g4 b4 13. Na4 Qa5 14. Qxc6 Bb7 15. Qxb7 Qxa4 16. Kb1 Rab8 17. Qa6 Qxa6 18. Bxa6 Nxg4 19. h3 Ngf6 20. Bxf6 Nxf6 21. Bd3 Ne4 22. Bxe4 Rxe4 23. Nc1 g5 24. Nd3 Rc8 25. Rc1 Rxc1+ 26. Kxc1 Rh4 27. Kd2 f5 28. f3 Kf7 29. Ke2 Ke6 30. Kf2 g4 31. Kg2 h5 32. hxg4 Rxh1 33. gxf5+ Kxf5 34. Kxh1 a5 35. Kg2 h4 36. Kh3 Bg3 37. b3 Kg5 38. e4 dxe4 39. fxe4 Kh5 40. d5 Kg5 41. Nc5 Kf6 42. Nb7 Ke5 43. Kg4 Kxe4 44. d6 Kd3 45. d7 Bc7 46. d8=Q+ Bxd8 47. Nxd8 Kc3 48. Nc6 Kb2 49. Nxa5 Kxa2 50. Kxh4 1-0


[Site "https://www.chess.com"]

[Event "Titled Tuesday Blitz September 13 Early 2022"]
[White "Pap, Gyula"]
[Black "Perez Gormaz, Matias"]
[WhiteFideId "725323"]
[BlackFideId "3406342"]
[WhiteElo "2519"]
[BlackElo "2341"]
[Result "1-0"]
[Round "06"]
[TimeControl "180+1"]
[Date "2022.09.13"]
[WhiteClock "0:00:44"]
[BlackClock "0:00:04"]

1. d4 d5 2. c4 e6 3. Nc3 Nf6 4. cxd5 exd5 5. Bg5 c6 6. e3 Bd6 7. Bd3 h6 8. Bh4 Nbd7 9. Nge2 O-O 10. h3 a5 11. O-O Re8 12. Qc2 b5 13. Rac1 Bb7 14. a4 b4 15. Nb1 Rc8 16. Nd2 c5 17. dxc5 Nxc5 18. Bb5 Re5 19. Qb1 Rh5 20. Bg3 Rg5 21. Nf3 Rg6 22. Nf4 Bxf4 23. Bxf4 d4 24. Nh4 Rg5 25. Bxg5 hxg5 26. Nf3 Bxf3 27. gxf3 Qd5 28. exd4 Qxf3 29. Rxc5 Rxc5 30. dxc5 Qxh3 31. Qd3 1-0


[Site "https://www.chess.com"]

[Event "Titled Tuesday Blitz September 13 Early 2022"]
[White "Paravyan, David"]
[Black "Le, Tuan Minh"]
[WhiteFideId "4194985"]
[BlackFideId "12401153"]
[WhiteElo "2555"]
[BlackElo "2530"]
[Result "1/2-1/2"]
[Round "06"]
[TimeControl "180+1"]
[Date "2022.09.13"]
[WhiteClock "0:00:37"]
[BlackClock "0:00:21"]

1. e4 c5 2. Nf3 Nf6 3. Nc3 d5 4. exd5 Nxd5 5. Bb5+ Bd7 6. Ne5 Nf6 7. Nxd7 Nbxd7 8. d4 cxd4 9. Qxd4 a6 10. Be2 e6 11. Ne4 Qc7 12. O-O Be7 13. c3 O-O 14. Nxf6+ Bxf6 15. Qf4 Be5 16. Qh4 Nf6 17. Bd3 Rfd8 18. Bc2 Rac8 19. Bg5 h6 20. Bxf6 Bxf6 21. Qe4 g6 22. Rad1 Kg7 23. g3 h5 24. h4 b5 25. a3 a5 26. Bb3 Qb6 27. Kg2 Rb8 28. Rxd8 Rxd8 29. Rd1 Rxd1 30. Bxd1 Qd6 31. Bf3 Qd2 32. Qe2 Qxe2 33. Bxe2 b4 34. cxb4 axb4 35. axb4 Bxb2 36. b5 Bd4 37. f4 Kf6 38. Kf3 Bb6 39. Bd3 e5 40. Bc4 exf4 41. Kxf4 Bc7+ 42. Kf3 Ke7 43. g4 hxg4+ 44. Kxg4 Ba5 45. Bxf7 Kxf7 46. h5 gxh5+ 47. Kxh5 Ke7 48. b6 Bxb6 1/2-1/2


[Site "https://www.chess.com"]

[Event "Titled Tuesday Blitz September 13 Early 2022"]
[White "Pranav, V"]
[Black "Amin, Bassem"]
[WhiteFideId "25060783"]
[BlackFideId "10601457"]
[WhiteElo "2390"]
[BlackElo "2699"]
[Result "1-0"]
[Round "06"]
[TimeControl "180+1"]
[Date "2022.09.13"]
[WhiteClock "0:00:58"]
[BlackClock "0:00:05"]

1. Nf3 f5 2. d4 Nf6 3. Nc3 e6 4. Bg5 Bb4 5. e3 O-O 6. Bd3 b6 7. O-O Bb7 8. Re1 Bxc3 9. bxc3 Qe8 10. Bxf6 Rxf6 11. e4 fxe4 12. Bxe4 Bxe4 13. Rxe4 Qg6 14. Qe2 Nc6 15. h3 Raf8 16. Rg4 Qf5 17. c4 h6 18. Rd1 d5 19. c3 Na5 20. cxd5 exd5 21. Re1 Nc4 22. Nh4 Qd7 23. Ng6 Rxf2 24. Qd3 R8f7 25. Ne5 Nxe5 26. dxe5 Qf5 27. Qxd5 h5 28. Rg3 Qf4 29. e6 Qxg3 30. exf7+ 1-0


[Site "https://www.chess.com"]

[Event "Titled Tuesday Blitz September 13 Early 2022"]
[White "Salem, A.R. Saleh"]
[Black "Maltsevskaya, Aleksandra"]
[WhiteFideId "9301348"]
[BlackFideId "24174041"]
[WhiteElo "2628"]
[BlackElo "2243"]
[Result "1-0"]
[Round "06"]
[TimeControl "180+1"]
[Date "2022.09.13"]
[WhiteClock "0:00:05"]
[BlackClock "0:00:01"]

1. d4 Nf6 2. c4 g6 3. Nc3 Bg7 4. e4 d6 5. h3 O-O 6. Be3 e5 7. d5 a5 8. g4 c6 9. Nge2 cxd5 10. cxd5 b5 11. Ng3 b4 12. Nb1 Nbd7 13. Nd2 Ne8 14. h4 Ndf6 15. f3 a4 16. h5 Nd7 17. g5 a3 18. b3 f5 19. gxf6 Qxf6 20. Rc1 Nc5 21. Be2 Ba6 22. Bxa6 Rxa6 23. Qe2 Ra8 24. Rc4 Nc7 25. Rxb4 Rfb8 26. Rxb8+ Rxb8 27. O-O Nb5 28. Nc4 Nd4 29. Qg2 Nd3 30. h6 Nf4 31. Bxf4 exf4 32. Nh5 gxh5 33. Qxg7+ Qxg7+ 34. hxg7 Nb5 35. Kf2 Kxg7 36. Rg1+ Kf6 37. Rh1 Nc3 38. Rxh5 Nxa2 39. Rf5+ Kg6 40. Rxf4 Rxb3 41. Rf8 Nb4 42. Ra8 a2 43. e5 dxe5 44. d6 Rd3 45. Nxe5+ Kf5 46. Nxd3 Nxd3+ 47. Ke3 Ne5 48. Rxa2 Nc4+ 49. Kf2 Nxd6 50. Ra6 Nc4 51. Rh6 Ne5 52. Rxh7 Nd3+ 53. Ke3 Ne5 54. Rh5+ Kf6 55. Rh1 Kf5 56. Ra1 Nc4+ 57. Kf2 Nd6 58. Kg3 Nc4 59. Ra4 Ne3 60. Ra5+ Ke6 61. Kf4 Nd5+ 62. Kg5 Ne7 63. f4 Nc6 64. f5+ Kf7 65. Ra6 Ne7 66. Ra7 Kf8 67. f6 Ng8 68. Kg6 1-0


[Site "https://www.chess.com"]

[Event "Titled Tuesday Blitz September 13 Early 2022"]
[White "Samsonkin, Artiom"]
[Black "Prohaszka, Peter"]
[WhiteFideId "13503111"]
[BlackFideId "726265"]
[WhiteElo "2524"]
[BlackElo "2626"]
[Result "1-0"]
[Round "06"]
[TimeControl "180+1"]
[Date "2022.09.13"]
[WhiteClock "0:00:44"]
[BlackClock "0:00:10"]

1. e4 c6 2. d4 d5 3. e5 Bf5 4. h4 h5 5. Bd3 Bxd3 6. Qxd3 Qa5+ 7. Nc3 e6 8. Bg5 Nh6 9. Nf3 Qa6 10. Qd2 Nf5 11. Ne2 c5 12. c3 Nc6 13. O-O cxd4 14. Nexd4 Nfxd4 15. cxd4 Bb4 16. Qd1 O-O 17. a3 Be7 18. Rc1 Rfe8 19. Qd2 Rac8 20. Rc3 Bf8 21. Rfc1 Qb6 22. Bf6 a6 23. b4 Na7 24. Ng5 Rxc3 25. Rxc3 Rc8 26. Qc2 g6 27. Rxc8 Nxc8 28. Qxc8 Qxd4 29. Qxb7 1-0


[Site "https://www.chess.com"]

[Event "Titled Tuesday Blitz September 13 Early 2022"]
[White "Sarana, Alexey"]
[Black "Narayanan, Srinath"]
[WhiteFideId "24133795"]
[BlackFideId "5018420"]
[WhiteElo "2689"]
[BlackElo "2459"]
[Result "1/2-1/2"]
[Round "06"]
[TimeControl "180+1"]
[Date "2022.09.13"]
[WhiteClock "0:00:12"]
[BlackClock "0:00:13"]

1. c4 c5 2. Nf3 Nc6 3. Nc3 e5 4. g3 g6 5. Bg2 Bg7 6. O-O d6 7. Ne1 Be6 8. d3 Nge7 9. Nc2 d5 10. cxd5 Nxd5 11. Ne3 Nde7 12. Bd2 O-O 13. Rc1 Qd7 14. Qa4 Rab8 15. Rfe1 h6 16. Nc4 b6 17. Qb5 Rfd8 18. a3 Nd4 19. Qxd7 Rxd7 20. Be3 Nb3 21. Rcd1 Rbd8 22. f4 exf4 23. Bxf4 Bxc3 24. bxc3 Bxc4 25. Rb1 Be6 26. Bxh6 Na5 27. Bg5 Re8 28. Rf1 Bd5 29. Bh3 Be6 30. Bg2 Nb7 31. Rbe1 Nd6 32. h3 Nb5 33. c4 Nd4 34. Rf2 Rc7 35. Bf4 Rcc8 36. Rc1 Bd7 37. g4 Bc6 38. Bf1 Ne6 39. Be5 f5 40. Kh2 Rf8 41. Kg3 fxg4 42. Rxf8+ Rxf8 43. hxg4 g5 44. Bd6 Rf7 45. a4 Bxa4 46. Ra1 Bc6 47. Rxa7 Ng6 48. Ra1 Ngf4 49. Be5 Nd4 50. Bxd4 cxd4 51. Rb1 Rb7 52. Kf2 Kg7 53. e3 dxe3+ 54. Kxe3 Kf6 55. d4 Ke7 56. d5 Ba4 57. Kd4 Kd6 58. Rxb6+ Rxb6 59. c5+ Kc7 60. cxb6+ Kxb6 61. Ke5 Bc2 62. Kf6 Nxd5+ 63. Kxg5 Kc5 64. Kh6 Ne3 65. Be2 Kd6 66. g5 Ke7 67. Ba6 Kf8 68. Bc8 Kg8 69. Bb7 Nf5+ 70. Kh5 Nd6 71. Bd5+ Kg7 72. Kg4 Nb5 73. Kf4 Nd4 74. Ke5 Ne2 75. Be4 Ba4 76. Bd3 Nc3 77. Bf5 Nd1 78. Kd4 Nf2 79. Ke3 Nd1+ 80. Kd2 Nb2 81. Kc3 Nd1+ 82. Kd2 Bb3 83. Bc2 Bxc2 84. Kxc2 Ne3+ 85. Kd3 Nf5 86. g6 Ne7 87. Ke4 Nxg6 1/2-1/2


[Site "https://www.chess.com"]

[Event "Titled Tuesday Blitz September 13 Early 2022"]
[White "Shimanov, Aleksandr"]
[Black "Sadhwani, Raunak"]
[WhiteFideId "4198603"]
[BlackFideId "35093487"]
[WhiteElo "2605"]
[BlackElo "2656"]
[Result "1-0"]
[Round "06"]
[TimeControl "180+1"]
[Date "2022.09.13"]
[WhiteClock "0:00:36"]
[BlackClock "0:00:03"]

1. e4 c6 2. d4 d5 3. Nc3 dxe4 4. Nge2 Nf6 5. Ng3 Bg4 6. Be2 Bxe2 7. Qxe2 e6 8. Ncxe4 Nbd7 9. Bf4 Qa5+ 10. c3 Be7 11. O-O O-O 12. Rfe1 Rfe8 13. Bd6 Rad8 14. b4 Qb6 15. a4 Nxe4 16. Nxe4 Nf8 17. Bg3 a6 18. Nc5 Qa7 19. h4 h6 20. Qg4 Nh7 21. a5 Nf6 22. Qf3 Nd5 23. Re4 Nf6 24. Re2 Qa8 25. Na4 Bd6 26. Be5 Nd5 27. Qg3 Bxe5 28. dxe5 Ne7 29. Nc5 Nf5 30. Qf4 Rd5 31. h5 Qb8 32. g4 Ne7 33. Rae1 b6 34. axb6 Qxb6 35. Re3 a5 36. Rf3 Rxc5 37. Qxf7+ Kh7 38. Qxe8 1-0


[Site "https://www.chess.com"]

[Event "Titled Tuesday Blitz September 13 Early 2022"]
[White "Sorkin, Igor"]
[Black "Bachmann, Axel"]
[WhiteFideId "2803283"]
[BlackFideId "3700488"]
[WhiteElo "2401"]
[BlackElo "2595"]
[Result "0-1"]
[Round "06"]
[TimeControl "180+1"]
[Date "2022.09.13"]
[WhiteClock "0:00:09"]
[BlackClock "0:00:28"]

1. d4 Nf6 2. Nf3 g6 3. c4 Bg7 4. Nc3 d6 5. e4 O-O 6. Be2 Bg4 7. O-O Nfd7 8. Be3 c5 9. d5 Na6 10. Ne1 Bxe2 11. Qxe2 Nc7 12. a4 e6 13. Nd3 exd5 14. exd5 Re8 15. Qd2 Nf6 16. Bg5 Qd7 17. Qf4 Ng4 18. h3 Ne5 19. Nxe5 Rxe5 20. Qd2 Rae8 21. Bf4 R5e7 22. Rfe1 Be5 23. Bxe5 Rxe5 24. Rxe5 Rxe5 25. Re1 Qe8 26. Rxe5 Qxe5 27. Qe2 Qxe2 28. Nxe2 Na6 29. Nc3 Kf8 30. Kf1 Nb4 31. Ke2 Ke7 32. Kd2 f5 33. f4 Na6 34. Nb5 Nb8 35. Nxa7 Kd8 36. Nb5 Ke7 37. Nc7 Nd7 38. Ke3 Nf6 39. Nb5 Ne4 40. g4 Kd7 41. g5 Ke7 42. h4 Kd7 43. Na3 Kc7 44. Nb5+ Kb6 45. b3 Ka5 46. Nc7 Kb4 47. Ne6 Kxb3 48. Nf8 Kxc4 49. Nxh7 Ng3 50. Nf8 Kb3 51. Nxg6 c4 52. Ne5 dxe5 53. d6 c3 54. d7 c2 55. d8=Q c1=Q+ 56. Qd2 exf4+ 0-1


[Site "https://www.chess.com"]

[Event "Titled Tuesday Blitz September 13 Early 2022"]
[White "Svane, Rasmus"]
[Black "Popilski, Gil"]
[WhiteFideId "4657101"]
[BlackFideId "2809060"]
[WhiteElo "2674"]
[BlackElo "2537"]
[Result "1-0"]
[Round "06"]
[TimeControl "180+1"]
[Date "2022.09.13"]
[WhiteClock "0:01:02"]
[BlackClock "0:00:08"]

1. Nf3 d5 2. g3 Bg4 3. Bg2 Nd7 4. O-O c6 5. h3 Bh5 6. d4 e6 7. c4 Bd6 8. Nc3 Ne7 9. Qb3 Rb8 10. e4 dxc4 11. Qxc4 Bxf3 12. Bxf3 b5 13. Qe2 e5 14. Be3 Qc7 15. Rac1 exd4 16. Bxd4 O-O 17. Rfd1 Ng6 18. Bg2 Rfe8 19. f4 f6 20. Be3 Bc5 21. Kh1 Qb6 22. Bxc5 Nxc5 23. b4 Na4 24. Nxa4 bxa4 25. Qc4+ Kh8 26. a3 Qf2 27. Rd3 Red8 28. Rcd1 Rxd3 29. Rxd3 h5 30. h4 Nxf4 31. gxf4 Qxh4+ 32. Rh3 Qxf4 1-0


[Site "https://www.chess.com"]